AoeStats
← 布丁

Nomad

505141244Analyzed
4v4 RM · 24d ago on Sep 8, 2026· 56m 1s· 8 players
Game mode
Random Map
Map size
231×231
Population
200
Speed
Normal
Resources
Standard
Victory
Conquest
Starting age
Dark Age
Ending age
Imperial Age
RankedLock teamsTeams togetherTeam positionsShared explorationLock speedFull tech treeHidden civsTurbo modeCheats
Victory
Defeat
🇵🇹 Byzantines · Portugal
790
+16
🇵🇪 Khmer · Peru
769
+17
🇵🇪 Wu · Peru
752
+18
🇧🇷 Britons · Brazil
736
+19
🇨🇱 Khitans · Chile
843
-20
🇨🇱 Poles · Chile
809
-18
🇹🇼 Goths · Taiwan
790
-39
🇨🇱 Vikings · Chile
734
-15
A.A
8:03 Loom
18:10 Feudal Age
18:41 Double-Bit Axe
20:00 Horse Collar
22:39 Castle Age
22:07 Stone Mining
22:08 Gold Mining
25:29 Wheelbarrow
28:55 Heavy Plow
29:39 Pikeman
34:03 Hand Cart
33:39 Town Watch
35:31 Gold Shaft Mining
37:33 Ballistics
37:09 Murder Holes
37:26 Masonry
38:39 Stone Shaft Mining
40:59 Caravan
43:48 Imperial Age
41:54 Tusk Swords
42:09 Scale Barding Armor
42:14 Forging
42:05 Scale Mail Armor
43:21 Elite Skirmisher
44:08 Husbandry
44:19 Bloodlines
45:43 Chemistry
44:49 Siege Engineers
45:10 Conscription
44:23 Elite Ballista Elephant
45:54 Elite Battle Elephant
48:27 Crop Rotation
48:09 Bow Saw
48:01 Town Patrol
48:40 Double Crossbow
50:46 Iron Casting
50:32 Chain Barding Armor
50:27 Chain Mail Armor
54:45 Blast Furnace
54:20 Plate Barding Armor
capitaoJOE
11:24 Feudal Age
12:35 Double-Bit Axe
19:47 Castle Age
19:27 Gold Mining
20:20 Wheelbarrow
22:12 Crossbowman
22:58 Padded Archer Armor
25:55 Horse Collar
31:46 Gold Shaft Mining
31:41 Stone Mining
32:37 Leather Archer Armor
32:13 Fletching
41:27 Imperial Age
39:14 Hand Cart
42:43 Bodkin Arrow
44:07 Arbalester
45:57 Caravan
49:31 Ring Archer Armor
49:25 Ballistics
49:55 Loom
55:24 Yeomen
56:18 Bracer
57:21 Chemistry
MiguelAngel
17:49 Feudal Age
23:32 Castle Age
24:55 Double-Bit Axe
25:04 Gold Mining
31:54 Imperial Age
30:04 Stone Mining
30:21 Fishing Lines
32:30 Husbandry
32:41 Bloodlines
33:54 Wheelbarrow
34:07 Gillnets
35:14 Hand Cart
35:25 Bow Saw
37:42 Two-Man Saw
37:24 Gold Shaft Mining
38:44 Stone Shaft Mining
38:44 Elite Fire Archer
40:05 Conscription
39:50 Pikeman
40:32 Squires
46:23 Red Cliffs Tactics
46:30 Sitting Tiger
47:06 Ballistics
47:47 Chemistry
46:43 Murder Holes
49:15 Padded Archer Armor
49:05 Fletching
49:26 Forging
49:13 Heavy Hei Guang Cavalry
52:10 Leather Archer Armor
51:50 Bodkin Arrow
52:31 Iron Casting
Timor Primus
7:00 Loom
15:55 Feudal Age
16:54 Double-Bit Axe
17:11 Fishing Lines
21:09 Wheelbarrow
20:31 Horse Collar
23:15 Castle Age
23:11 Scale Barding Armor
22:56 Fletching
23:17 Forging
23:56 Gold Mining
24:36 Gillnets
25:26 Bow Saw
25:28 Husbandry
29:16 Hand Cart
30:29 Stone Mining
31:00 Squires
30:57 Pikeman
35:02 Imperial Age
35:13 Chain Barding Armor
35:29 Iron Casting
34:54 Scale Mail Armor
36:09 Bodkin Arrow
36:14 Padded Archer Armor
35:38 Elite Skirmisher
36:06 Arson
36:21 Murder Holes
37:05 Thumb Ring
36:46 Cavalier
37:33 Light Cavalry
39:31 Chemistry
38:38 Man-at-Arms
40:12 Illumination
39:58 Fervor
42:21 Gold Shaft Mining
41:18 Paladin
43:01 Conscription
46:06 Plate Barding Armor
45:48 Chain Mail Armor
46:14 Hoardings
46:19 Capped Ram
53:12 Sanctity
53:40 Careening
53:41 Clinker Construction
53:52 Bombard Tower
54:40 Medium Warships
54:41 Caravan
55:13 Greek Fire
55:55 Coinage
Memobunke
4:20 Loom
14:45 Feudal Age
15:23 Double-Bit Axe
16:24 Fishing Lines
17:34 Domestication
22:44 Castle Age
21:14 Stone Mining
22:57 Forging
24:10 Husbandry
24:59 Pastoralism
27:27 Bow Saw
27:53 Gillnets
34:24 Caravan
35:05 Gold Mining
37:59 Lamellar Armor
42:48 Imperial Age
40:59 Stone Shaft Mining
43:54 Heavy Rocket Cart
47:09 Ballistics
47:49 Chemistry
46:31 Treadmill Crane
47:45 Town Watch
47:58 Fletching
48:44 Iron Casting
48:15 Scale Barding Armor
48:11 Scale Mail Armor
48:37 Conscription
48:24 Ordo Cavalry
48:54 Heavy Camel Rider
52:45 Chain Barding Armor
ByronMoises
3:56 Loom
16:37 Feudal Age
17:10 Double-Bit Axe
17:11 Horse Collar
18:29 Fishing Lines
19:03 Gold Mining
20:19 Stone Mining
30:52 Castle Age
29:33 Fletching
29:43 Padded Archer Armor
31:58 Bow Saw
31:51 Heavy Plow
31:15 Crossbowman
33:06 Arson
33:26 Squires
33:11 Gambesons
35:07 Bodkin Arrow
35:27 Leather Archer Armor
36:56 Gold Shaft Mining
37:29 Ballistics
36:50 Treadmill Crane
37:06 Murder Holes
41:39 Imperial Age
39:40 Scale Mail Armor
39:51 Forging
41:47 Chieftains
42:48 Conscription
43:02 Arbalester
43:47 Elite Skirmisher
47:22 Bracer
47:53 Ring Archer Armor
La Kobra
11:19 Loom
16:22 Feudal Age
17:02 Double-Bit Axe
17:02 Horse Collar
22:43 Castle Age
22:47 Bloodlines
24:57 Wheelbarrow
24:08 Town Watch
24:46 Stone Mining
25:13 Heavy Plow
25:59 Bow Saw
25:42 Gold Mining
26:31 Stone Shaft Mining
27:58 Hand Cart
27:53 Husbandry
27:15 Light Cavalry
31:14 Town Patrol
35:16 Imperial Age
35:57 Cavalier
36:47 Scale Barding Armor
36:53 Forging
37:53 Chain Barding Armor
38:08 Thumb Ring
38:49 Elite Skirmisher
44:32 Szlachta Privileges
44:54 Lechitic Legacy
44:11 Winged Hussar
45:43 Iron Casting
44:59 Fletching
45:10 Padded Archer Armor
48:45 Crop Rotation
48:09 Onager
50:33 Ballistics
51:14 Chemistry
50:10 Murder Holes
布丁
6:51 Loom
21:14 Feudal Age
22:34 Wheelbarrow
25:36 Castle Age
26:44 Hand Cart
26:43 Horse Collar
27:36 Town Watch
28:38 Double-Bit Axe
41:17 Imperial Age
39:00 Anarchy
39:38 Squires
39:42 Scale Mail Armor
39:53 Forging
40:09 Heavy Plow
40:28 Bow Saw
43:21 Perfusion
42:42 Elite Huskarl
44:27 Caravan
45:48 Chain Mail Armor
46:09 Iron Casting
46:24 Crop Rotation
Connection lost

Rejoining the realm…

Still unreachable

The connection could not be restored.

Session expired

The server has moved on; the page needs a fresh start.